 Dungeon Crawl Stone Soup version 0.30-a0-322-g102857c98e (webtiles) character file.

Game seed: 2369256559483549572

19486 koil the Nimble (level 12, -13/63 (64) HPs)
             Began as a Spriggan Hunter on Oct 27, 2022.
             Was an Elder of Kikubaaqudgha.
             Mangled by a death yak (23 damage)
             ... on level 2 of the Lair of Beasts.
             The game lasted 00:54:37 (12871 turns).

koil the Nimble (Spriggan Hunter)                  Turns: 12871, Time: 00:54:40

HP:   -13/63 (64)   AC:  4    Str:  7    XL:     12   Next: 37%
MP:   27/27         EV: 33    Int: 11    God:    Kikubaaqudgha [****..]
Gold: 694           SH:  0    Dex: 29    Spells: 25/31 levels left

rFire   . . .      SeeInvis +    a - +2 shortbow (drain)
rCold   . . .      Faith    .    (shield currently unavailable)
rNeg    + . .      Spirit   .    I - +2 robe {Will+}
rPois   +          Reflect  .    (helmet restricted)
rElec   .          Harm     .    (no cloak)
rCorr   .          Rampage  .    (gloves unavailable)
Will    +++..                    (boots unavailable)
Stlth   ++++......               (no amulet)
HPRegen 0.30/turn                f - +6 ring of dexterity
MPRegen 0.20/turn                m - ring of positive energy

@: lightly drained, very quick
A: very small, no large weapons, unfitting armour, see invisible, speed 3, horns
1, poison resistance
a: Renounce Religion, Unearth Wretches


You were on level 2 of the Lair of Beasts.
You worshipped Kikubaaqudgha.
Kikubaaqudgha was greatly pleased with you.
You visited 3 branches of the dungeon, and saw 13 of its levels.
You also visited: Ice Cave.

You collected 804 gold pieces.
You spent 110 gold pieces at shops.

Inventory:

Hand Weapons
 a - a +2 shortbow of draining (weapon)
 j - a +4 short sword
 n - a +0 demon whip of venom
 x - a +0 arbalest
Missiles
 p - 6 poisoned darts
 s - 4 curare-tipped darts
 z - 2 throwing nets
Armour
 b - a scarf of shadows
 A - +0 steam dragon scales
 I - a +2 robe of willpower (worn)
Jewellery
 f - a +6 ring of dexterity (left hand)
 i - a ring of flight
 m - a ring of positive energy (right hand)
 r - a ring of fire
 u - a ring of resist corrosion
Wands
 y - a wand of flame (54)
 E - a wand of digging (8)
Scrolls
 d - a scroll of magic mapping
 e - 6 scrolls of teleportation
 q - 3 scrolls of immolation
 C - 2 scrolls of butterflies
Potions
 c - a potion of might
 g - 5 potions of lignification
 h - 5 potions of curing
 k - 6 potions of haste
 o - a potion of brilliance
 v - 2 potions of flight
 w - a potion of invisibility
 H - a potion of heal wounds
 L - 2 potions of resistance


   Skills:
 + Level 8.1 Fighting
 + Level 10.2 Ranged Weapons
 + Level 12.6 Dodging
 - Level 6.0 Stealth
 - Level 10.0 Spellcasting
 - Level 2.0 Summonings
 + Level 8.0 Necromancy


You had 25 spell levels left.
You knew the following spells:

 Your Spells              Type           Power      Damage    Failure   Level
a - Call Imp              Summ           9%         N/A       9%          2
b - Animate Dead          Necr           23%        N/A       4%          4

Your spell library contained the following spells:

 Spells                   Type           Power      Damage    Failure   Level
 Necrotise                Necr           92%        1d8       1%          1
 Vampiric Draining        Necr           23%        2d7       1%          3
 Dispel Undead            Necr           23%        3d12      4%          4
 Summon Small Mammal      Summ           36%        N/A       5%          1
 Cigotuvi's Dreadful Rot  Necr/Pois/Air  22%        N/A       6%          2
 Freeze                   Ice            20%        1d4       13%         1
 Magic Dart               Conj           20%        1d4       13%         1
 Sandblast                Erth           10%        2d5       13%         1
 Shock                    Conj/Air       20%        1d4       13%         1
 Agony                    Necr           23%        N/A       13%         5
 Call Canine Familiar     Summ           9%         N/A       17%         3
 Passwall                 Tmut/Erth      4%         N/A       19%         2
 Anguish                  Hex/Necr       7%         N/A       24%         4
 Summon Guardian Golem    Hex/Summ       7%         N/A       26%         3
 Frozen Ramparts          Ice            10%        1d2       36%         3
 Hailstorm                Conj/Ice       5%         3d4       36%         3
 Mephitic Cloud           Conj/Pois/Air  5%         N/A       36%         3
 Stone Arrow              Conj/Erth      10%        3d7       36%         3
 Swiftness                Air            5%         N/A       36%         3
 Death Channel            Necr           11%        N/A       58%         6
 Animate Armour           Summ/Erth      14%        N/A       63%         4
 Summon Ice Beast         Ice/Summ       7%         N/A       63%         4
 Airstrike                Air            2%         2d(1-17)  77%         4
 Ice Form                 Ice/Tmut       5%         N/A       77%         4
 Blade Hands              Tmut           2%         N/A       98%         5
 Simulacrum               Ice/Necr       7%         N/A       98%         6
 Iron Shot                Conj/Erth      2%         9d2       100%        6


Dungeon Overview and Level Annotations

Branches:
Dungeon (10/15)            Temple (1/1) D:4            Lair (2/5) D:8
 Spider (0/4) Lair:2          Orc (0/2) D:9           IceCv (visited)
  Swamp: Lair:2-3    Shoals: Lair:2-3

Altars:
Ashenzari
Cheibriados
Dithmenos
Elyvilon
Fedhas
Gozag
Hepliaklqana
Kikubaaqudgha
Makhleb
Nemelex Xobeh
Okawaru
Qazlal
Ru
Sif Muna
Trog
Uskayaw
Vehumet
Wu Jian
Xom
Yredelemnul
Zin
The Shining One

Shops:
D:10 !


Innate Abilities, Weirdness & Mutations

You are very small and have problems with some larger weapons.
You are too small for most types of armour.
You have supernaturally acute eyesight. (SInv)
You cover ground extremely quickly. (Speed+++)
You have a pair of small horns on your head.
Your system is resistant to poisons. (rPois)


Message History

You shoot an arrow. The arrow hits the death yak.
The death yak is heavily wounded.
The hell rat misses you. The death yak barely misses you.
You shoot an arrow.
The arrow hits the death yak but does no damage.
The death yak is heavily wounded.
The hell rat completely misses you. The death yak completely misses you.
You shoot an arrow. The arrow hits the death yak!
The death yak is heavily wounded.
The hell rat closely misses you. The death yak completely misses you.
You shoot an arrow.
The arrow hits the death yak but does no damage.
The death yak is heavily wounded.
The hell rat completely misses you. The death yak barely misses you.
You shoot an arrow. The arrow barely misses the death yak.
The hell rat bites you! You partially resist.
You feel drained. The death yak closely misses you.
The hell rat completely misses you.
You shoot an arrow. The arrow hits the death yak!
You drain the death yak.
The death yak is severely wounded.
The hell rat completely misses you. The death yak barely misses you.
You shoot an arrow.
The arrow hits the death yak but does no damage.
The death yak is severely wounded.
The hell rat misses you. The death yak closely misses you.
You shoot an arrow. The arrow barely misses the death yak.
The hell rat closely misses you. The death yak completely misses you.
You shoot an arrow. The arrow hits the death yak!!
You drain the death yak.
The death yak is almost dead.
The hell rat bites you!
You shoot an arrow.
The arrow hits the death yak but does no damage.
The death yak is severely wounded.
The hell rat closely misses you.
You shoot an arrow. The arrow hits the death yak.
You drain the death yak.
The death yak is almost dead.
The hell rat completely misses you. The hell rat bites you!
* * * LOW HITPOINT WARNING * * *
The death yak gores you!!
You die...
Kikubaaqudgha rasps: "You have failed me!
Welcome... death!"

...Y.+r...##...~.~~.~~.~.##
.§..#Y4..<.#....~~~.~~~...#
.#P##................~~..##
.#####.Y..##.####........#
.# #........#.#...#.####
+###...>............###
...##...............#
....##.........r....#
#..Y.#..[.####'#@#P.#
...........###.Y###.#
Y.........##.#.## ..#
...#...#####....# ..P
.⌠..#Y†.#.⌠..#..# #.##
....#........#..# .#
>...#.....<.⌠#..# P
....#...........# .P
.⌠.....##.⌠..#### #.#


You could see a death yak (drained) and a hell rat.

Vanquished Creatures
  Erica (D:10)
  2 death yaks (Lair:2)
  Amaemon (Lair:2)
  Pikel (D:5)
  2 wolf spiders (Lair:1)
  The ghost of liarliar the Covert, a novice SpAr of Wu Jian (D:9)
  4 cane toads
  A komodo dragon (Lair:2)
  Grinder (D:4)
  4 blink frogs (Lair:2)
  A jumping spider (Lair:2)
  A wraith (D:10)
  2 shadows (D:9)
  14 yaks
  4 wyverns
  3 basilisks
  5 steam dragons
  2 redbacks (Lair:2)
  2 death yak simulacra (Lair:1)
  An acid dragon (D:9)
  14 water moccasins
  3 black bears
  2 ice beasts
  3 orc warriors
  2 ogres (D:5)
  9 centaurs
  14 wolves
  A phantom (D:7)
  7 bullfrogs
  5 scorpions
  A necrophage (D:4)
  A cane toad simulacrum (Lair:1)
  7 wights
  6 electric eels
  2 howler monkeys
  A jelly (D:6)
  2 orc priests
  2 hounds (D:5)
  3 iguanas
  8 orc wizards
  5 hell rats
  3 gnolls (D:8)
  2 adders (D:4)
  2 shadow imps (D:6)
  A white imp (D:5)
  2 worms (D:2)
  A dart slug (D:2)
  36 orcs
  7 ball pythons
  12 endoplasms
  3 giant cockroaches
  10 goblins
  8 hobgoblins
  6 jackals
  5 quokkas
  5 bats
  3 frilled lizards
  7 kobolds
  4 rats
268 creatures vanquished.

Vanquished Creatures (collateral kills)
  A death yak (Lair:2)
  A komodo dragon (Lair:2)
  2 blink frogs (Lair:2)
  3 yaks (Lair:2)
  3 wolves (Lair:2)
  A bullfrog (Lair:2)
11 creatures vanquished.

Vanquished Creatures (others)
  2 death yak zombies (Lair:2)
  2 cane toad zombies (Lair:2)
  A blink frog zombie (Lair:2)
  3 water moccasin zombies (Lair:2)
  2 yak zombies (Lair:2)
  2 wolf zombies (Lair:2)
  A black bear zombie (Lair:2)
  21 fungi
  66 plants
100 creatures vanquished.

Grand Total: 379 creatures vanquished

Notes
Turn   | Place    | Note
-------+----------+-------------------------------------------
     0 | D:1      | koil the Spriggan Hunter began the quest for the Orb.
     0 | D:1      | Reached XP level 1. HP: 10/10 MP: 2/2
   257 | D:1      | Reached XP level 2. HP: 15/15 MP: 3/3
   266 | D:1      | Reached skill level 3 in Dodging
   356 | D:1      | Reached skill level 1 in Spellcasting
   656 | D:2      | Reached XP level 3. HP: 18/18 MP: 5/5
  1020 | D:2      | Found a faded altar of an unknown god.
  1144 | D:3      | You fall into a shaft and drop 1 floor!
  1520 | D:3      | Reached XP level 4. HP: 23/23 MP: 7/7
  1527 | D:3      | Identified the +1 plate armour of Eza Odie {Rampage Regen+
                  | Str-5 Dex+6}
  1712 | D:3      | Learned a level 2 spell: Call Imp
  2062 | D:4      | Found a staircase to the Ecumenical Temple.
  2195 | D:4      | Reached XP level 5. HP: 16/27 MP: 9/9
  2199 | D:4      | Reached skill level 4 in Dodging
  2329 | D:4      | Found the amulet of Elemental Vulnerability {rPois rF--
                  | rC-- AC+8}
  2362 | D:4      | Reached skill level 1 in Summonings
  2362 | D:4      | Reached XP level 6. HP: 32/32 MP: 9/11
  2438 | D:4      | Noticed Grinder
  2440 | D:4      | Paralysed by Grinder for 2 turns
  2480 | D:4      | Killed Grinder
  2502 | D:4      | Found a shimmering altar of Xom.
  2524 | D:4      | Noticed an orc warrior
  2564 | D:4      | Killed an orc warrior
  2565 | D:4      | Reached skill level 5 in Ranged Weapons
  2565 | D:4      | Reached skill level 5 in Stealth
  2565 | D:4      | Reached XP level 7. HP: 36/36 MP: 11/13
  3230 | Temple   | Entered the Ecumenical Temple
  3614 | Temple   | Became a worshipper of Kikubaaqudgha
  3721 | Temple   | Gained mutation: You occasionally lose the ability to read
                  | scrolls when taking damage. [potion of mutation]
  3721 | Temple   | Gained mutation: You sometimes lose your temper in combat.
                  | [potion of mutation]
  3721 | Temple   | Gained mutation: You have hidden genetic potential. [potion
                  | of mutation]
  3721 | Temple   | Gained mutation: Your muscles are strong. (Str +4, Int/Dex
                  | -1) [potion of mutation]
  3727 | Temple   | Lost mutation: Your muscles are strong. (Str +4, Int/Dex
                  | -1) [potion of mutation]
  3727 | Temple   | Lost mutation: You have hidden genetic potential. [potion
                  | of mutation]
  3727 | Temple   | Gained mutation: Your muscles are strong. (Str +4, Int/Dex
                  | -1) [potion of mutation]
  3727 | Temple   | Gained mutation: You do not regenerate when monsters are
                  | visible. [potion of mutation]
  3727 | Temple   | Lost mutation: Your muscles are strong. (Str +4, Int/Dex
                  | -1) [potion of mutation]
  3728 | Temple   | Lost mutation: You do not regenerate when monsters are
                  | visible. [potion of mutation]
  3728 | Temple   | Lost mutation: You sometimes lose your temper in combat.
                  | [potion of mutation]
  3728 | Temple   | Gained mutation: You passively dampen the noise of your
                  | surroundings. [potion of mutation]
  3728 | Temple   | Gained mutation: You passively map a small area around you.
                  | [potion of mutation]
  3774 | D:5      | Entered Level 5 of the Dungeon
  3861 | D:5      | Reached skill level 5 in Dodging
  4163 | D:5      | Reached skill level 1 in Necromancy
  4242 | D:5      | Noticed Pikel
  4342 | D:5      | Killed Pikel
  4343 | D:5      | Reached skill level 6 in Dodging
  4343 | D:5      | Reached XP level 8. HP: 42/42 MP: 14/16
  4607 | D:5      | Reached skill level 5 in Spellcasting
  4761 | D:6      | Reached skill level 7 in Dodging
  5341 | D:6      | Reached XP level 9. HP: 46/46 MP: 18/18
  5417 | D:7      | Lost mutation: You occasionally lose the ability to read
                  | scrolls when taking damage. [potion of mutation]
  5417 | D:7      | Lost mutation: You passively map a small area around you.
                  | [potion of mutation]
  5417 | D:7      | Lost mutation: You passively dampen the noise of your
                  | surroundings. [potion of mutation]
  5417 | D:7      | Gained mutation: You have a pair of small horns on your
                  | head. [potion of mutation]
  5485 | D:7      | Reached * piety under Kikubaaqudgha
  5485 | D:7      | Received a gift from Kikubaaqudgha
  5493 | D:7      | Learned a level 4 spell: Animate Dead
  5965 | D:7      | Reached skill level 8 in Dodging
  6573 | D:8      | Reached skill level 5 in Fighting
  6787 | D:8      | Reached XP level 10. HP: 44/51 MP: 21/21
  6791 | D:8      | Reached skill level 9 in Dodging
  6792 | D:8      | Reached ** piety under Kikubaaqudgha
  6826 | D:8      | Found a staircase to the Lair.
  7270 | D:8      | Reached skill level 5 in Necromancy
  7663 | D:9      | Found a staircase to the Orcish Mines.
  7841 | D:9      | Found a runed translucent door.
  7842 | D:9      | Noticed liarliar's ghost (novice SpAr)
  7881 | D:9      | Reached skill level 10 in Dodging
  7995 | D:9      | Found a bloodstained altar of Trog.
  7997 | D:9      | Reached *** piety under Kikubaaqudgha
  7997 | D:9      | Received a gift from Kikubaaqudgha
  8352 | D:9      | Killed liarliar's ghost
  8468 | D:10     | Entered Level 10 of the Dungeon
  8510 | D:10     | Reached XP level 11. HP: 30/58 MP: 24/24
  8730 | D:10     | Noticed Erica
  8739 | D:10     | Killed Erica
  8814 | D:10     | Found Ankeuf's Distillery.
  8823 | D:10     | Bought a potion of resistance for 110 gold pieces
  9487 | D:7      | Lost mutation: You have a pair of small horns on your head.
                  | [potion of mutation]
  9487 | D:7      | Gained mutation: You are dopey. (Int -2) [potion of
                  | mutation]
  9487 | D:7      | Gained mutation: Your spells are a little harder to cast,
                  | but a little more powerful. [potion of mutation]
  9488 | D:7      | Lost mutation: Your spells are a little harder to cast, but
                  | a little more powerful. [potion of mutation]
  9488 | D:7      | Lost mutation: You are dopey. (Int -2) [potion of mutation]
  9488 | D:7      | Gained mutation: Your system is resistant to poisons.
                  | (rPois) [potion of mutation]
  9488 | D:7      | Gained mutation: You have a pair of small horns on your
                  | head. [potion of mutation]
  9655 | Lair:1   | Entered Level 1 of the Lair of Beasts
  9816 | Lair:1   | Found a frozen archway.
 10303 | Lair:1   | Noticed a wolf spider
 10303 | Lair:1   | Noticed a wolf spider
 10451 | Lair:1   | Killed a wolf spider
 10452 | Lair:1   | Reached skill level 11 in Dodging
 10471 | IceCv    | Entered an ice cave
 10775 | Lair:1   | Killed a wolf spider
 10978 | Lair:1   | Reached **** piety under Kikubaaqudgha
 11216 | Lair:2   | Found a hole to the Spider Nest.
 11238 | Lair:2   | Noticed a death yak
 11244 | Lair:2   | Noticed a death yak
 11245 | Lair:2   | Noticed a death yak
 11247 | Lair:2   | Noticed a death yak
 11248 | Lair:2   | Noticed a death yak
 11250 | Lair:2   | Noticed a death yak
 11695 | Lair:2   | Reached skill level 10 in Spellcasting
 11752 | Lair:2   | Noticed Amaemon
 11848 | Lair:2   | Killed Amaemon
 11857 | Lair:2   | Reached XP level 12. HP: 51/63 MP: 27/27
 12068 | Lair:2   | Reached skill level 12 in Dodging
 12375 | Lair:1   | Reached skill level 10 in Ranged Weapons
 12763 | Lair:2   | Killed a death yak
 12773 | Lair:2   | Killed a death yak
 12856 | Lair:2   | Killed a death yak
 12871 | Lair:2   | Mangled by a death yak

Illustrated notes

Levels and vault maps discovered:
D:1:      dpeg_arrival_pond, layout_loops_cross, nicolae_kite_square_tiling_tiny
D:2:      layout_rooms, chequers_ecumenical_altar_grove
D:3:      layout_loops_ring, moated_statue, chequers_serial_rivers_micro_c
D:4:      layout_layer_cave, mainiacjoe_overflow_alcove_2,
          minmay_temple_entry_grid, uniq_grinder
D:5:      layout_loops_ring, uniq_pikel
D:6:      layout_basic
D:7:      layout_basic, serial_glass, glass_columns_c, glass_columns_b
D:8:      layout_layer_cave, minmay_lair_entry_grove
D:9:      layout_cross, trog_hazing_becter, david_orc_2, gammafunk_ghost_grave,
          serial_bayou, serial_bayou_crossing, serial_bayou_lagoon_b,
          serial_bayou_ford_a
D:10:     layout_cave_pods, serial_shops, shop, uniq_erica
Temple:   mainiacjoe_temple_cubbyholes
Lair:1:   layout_cave_pods, portal_ice_cave_entry_ice_simulacra,
          nicolae_lair_run_with_the_wolves, lemuel_fruit_tree,
          infiniplex_staircase_pool, lemuel_fruit_fields
Lair:2:   layout_regular_city, spider_nest_entry_a, st_stairs_8,
          grunt_megastairs_2, serial_bayou_shore_a, uniq_amaemon

Skill      XL: |  1  2  3  4  5  6  7  8  9 10 11 12 |
---------------+-------------------------------------+-----
Stealth        | 2 3 4 5 6 |  6.0
Dodging        | 3 4 6 7 8 10 11 12 | 12.6
Spellcasting   | 1 2 3 4 5 7 8 10 | 10.0
Fighting       | 2 3 4 5 6 7 8 |  8.1
Summonings     | 1 2 |  2.0
Ranged Weapons | 5 6 7 8 9 10 | 10.2
Necromancy     | 2 3 4 5 7 8 |  8.0

Action                   |  1- 3 |  4- 6 |  7- 9 | 10-12 || total
-------------------------+-------+-------+-------+-------++-------
Melee: Dagger            |       |       |       |     5 ||     5
       Short sword       |       |       |       |     8 ||     8
 Fire: Shortbow          |   110 |   125 |   201 |   697 ||  1133
Throw: Dart              |       |       |     5 |       ||     5
 Cast: Animate Dead      |       |       |       |    14 ||    14
       Call Imp          |       |       |       |     2 ||     2
Evoke: Wand              |       |       |       |     4 ||     4
  Use: Scroll            |       |       |    21 |     6 ||    27
       Potion            |       |       |     8 |     3 ||    11
 Stab: Sleeping          |       |       |       |     4 ||     4
Armor: Robe              |       |     7 |     6 |    27 ||    40
Dodge: Dodged            |    13 |    60 |    74 |   709 ||   856

Table legend: (Time is in decaauts)
 A = Elapsed time spent in this place.
 B = Non-inter-level travel time spent in this place.
 C = Inter-level travel time spent in this place.
 D = Time resting spent in this place.
 E = Time spent auto-exploring this place.
 F = Levels seen in this place.
 G = Mean time per level.
                   A        B        C        D        E       F      G
               +--------+--------+--------+--------+--------+-----+--------+
         Total |   9497 |   8868 |    629 |   1012 |   5316 |  14 |  678.4 |
       Dungeon |   6575 |   6134 |    441 |    337 |   4205 |  10 |  657.5 |
        Temple |    374 |    272 |    102 |     30 |    180 |   1 |  374.0 |
          Lair |   2536 |   2450 |     86 |    643 |    930 |   2 | 1268.0 |
      Ice Cave |     11 |     11 |      0 |      2 |      0 |   1 |   11.0 |
               +--------+--------+--------+--------+--------+-----+--------+

Top non-repeatable levels by time:
  Lair:1: 1484 daAuts
  Lair:2: 1051 daAuts
     D:4: 1036 daAuts
     D:9: 898 daAuts
     D:8: 889 daAuts
    D:10: 744 daAuts
     D:7: 691 daAuts
     D:5: 627 daAuts
     D:6: 494 daAuts
     D:3: 479 daAuts
     D:1: 403 daAuts
  Temple: 374 daAuts
     D:2: 311 daAuts
   IceCv: 11 daAuts
